 Dungeon Crawl Stone Soup version 0.31.0-11-ge490571c62 (webtiles) character file.

Game seed: 11400658700197004474

81 qw the Shooter (level 4, 0/25 HPs)
             Began as a Deep Elf Hunter on Feb 3, 2024.
             Slain by a phantom (3 damage)
             ... on level 4 of the Dungeon.
             The game lasted 00:00:07 (3005 turns).

qw the Shooter (Deep Elf Hunter)                    Turns: 3005, Time: 00:00:08

Health: 0/25       AC:  6    Str: 10    XL:     4   Next: 20%
Magic:  6/6        EV: 11    Int: 14    God:
Gold:   214        SH:  0    Dex: 18    Spells: 3/3 levels left

rFire   + . .        a - +0 shortbow
rCold   . . .        (shield currently unavailable)
rNeg    . . .        i - +0 ring mail
rPois   .            b - +0 helmet
rElec   .            (no cloak)
rCorr   .            (no gloves)
SInv    .            (no boots)
Will    .....        (no amulet)
Stlth   +            j - ring of protection from fire
HPRegen 0.24/turn    (no ring)
MPRegen 0.10/turn

%: no passive effects
@: no status effects
A: no striking features
a: no special abilities


You were on level 4 of the Dungeon.
You visited 1 branch of the dungeon, and saw 4 of its levels.

You collected 214 gold pieces.


   Skills:
 - Level 1.5 Fighting
 + Level 7.6 Ranged Weapons
 - Level 2.4 Dodging
 - Level 1.2 Stealth


You had 3 spell levels left.
You didn't know any spells.
Your spell library was empty.

Inventory:

Hand Weapons
 a - a +0 shortbow (weapon)
Armour
 b - a +0 helmet (worn)
 i - a +0 ring mail (worn)
Jewellery
 j - a ring of protection from fire (left hand)
Potions
 d - a potion of heal wounds {unknown}
 f - a potion of curing {unknown}
 g - a potion of magic {unknown}
 h - a potion of resistance {unknown}
 k - a potion of mutation {unknown}

Dungeon Overview and Level Annotations

Branches:
Dungeon (4/15)
 Temple: D:4-7

Altars:
Hepliaklqana


Message History

The phantom is moderately damaged.
The phantom hits you.
The phantom blinks!
You blink.
An orc comes into view. It is wielding a +0 club.
You shoot an arrow. The arrow closely misses the phantom.
The orc shouts!
The phantom hits you but does no damage.
You shoot an arrow. The arrow closely misses the phantom.
The arrow hits the orc.
The orc is moderately wounded.
The orc closely misses you.
An orc comes into view. It is wielding a +0 short sword.
The phantom completely misses you.
2996 ||| RETREEEEATING.
The orc hits you with a +0 short sword.
The phantom hits you but does no damage.
2997 ||| RETREEEEATING.
The orc shouts!
The orc closely misses you. The phantom attacks as it pursues you!
The phantom hits you but does no damage.
2998 ||| RETREEEEATING.
2999 ||| RETREEEEATING.
The orc attacks as it pursues you! The orc hits you with a +0 club.
3000 ||| RETREEEEATING.
The orc attacks as it pursues you! The orc hits you with a +0 club.
The orc attacks as it pursues you! The orc hits you but does no damage.
Things that are here:
a +0 dagger; 5 stones
3001 ||| RETREEEEATING.
3002 ||| RETREEEEATING.
You shoot an arrow. The arrow hits the phantom!
The phantom is severely damaged.
The phantom barely misses you.
You shoot an arrow.
The arrow hits the phantom but does no damage.
The phantom is heavily damaged.
The phantom hits you.
The phantom blinks!
You blink.
The orc throws a boomerang.
The boomerang closely misses you.
You shoot an arrow. The arrow closely misses the phantom.
The phantom hits you.
You die...

#... ########..
#........# #........#
#........# # #........#
#.#......).#
#..........#
#....@W...##
##.........#
#......oo.#### ###
#.......)....####....
############o........#..
#....<# #...........
#.##### #........># #.#
#.........# #.#
#.........##.


You could see a phantom and 3 orcs.

Vanquished Creatures
  An iguana (D:3)
  An adder (D:3)
  2 dart slugs (D:1)
  5 endoplasms
  2 giant cockroaches (D:1)
  4 hobgoblins (D:1)
  4 jackals (D:2)
  2 quokkas
  3 ball pythons
  7 bats
  2 frilled lizards (D:1)
  5 kobolds
  3 rats
  A spectral hobgoblin (D:3)
42 creatures vanquished.

Notes
Turn   | Place    | Note
-------+----------+-------------------------------------------
     0 | D:1      | qw the Deep Elf Hunter began the quest for the Orb.
     0 | D:1      | Reached XP level 1. HP: 12/12 MP: 3/3
     0 | D:1      | 0 ||| qw: Version: 0.3-a-155-g5e7d8dd
     0 | D:1      | 0 ||| qw: Game counter: 3235
     0 | D:1      | 0 ||| qw: Melee chars always use a shield: true
     0 | D:1      | 0 ||| qw: God list: Okawaru
     0 | D:1      | 0 ||| qw: Allow faded altars: false
     0 | D:1      | 0 ||| qw: Do Orc after clearing Dungeon:15 true
     0 | D:1      | 0 ||| qw: Do second Lair branch before Depths: true
     0 | D:1      | 0 ||| qw: Lair rune preference: random
     0 | D:1      | 0 ||| qw: Goals: Normal
     0 | D:1      | 0 ||| PLANNING D:1-11
   173 | D:1      | Reached XP level 2. HP: 16/16 MP: 4/4
   216 | D:1      | Reached skill level 6 in Ranged Weapons
  1004 | D:1      | 1004 ||| UPGRADING to +0 ring mail.
  1014 | D:1      | 1014 ||| DROPPING +0 leather armour.
  1015 | D:1      | 1015 ||| DROPPING ring of wizardry.
  1016 | D:1      | 1016 ||| UPGRADING to ring of protection from fire.
  1017 | D:1      | 1017 ||| READING scroll labelled ZOELOJOTOU.
  1018 | D:1      | 1018 ||| READING scroll labelled NAOKYGU HARYSM.
  1019 | D:1      | 1019 ||| READING scroll labelled IXTUKHI LUSE.
  1120 | D:1      | 1120 ||| DROPPING scroll of butterflies.
  1237 | D:2      | Reached XP level 3. HP: 20/20 MP: 5/5
  1843 | D:2      | Found a hazy altar of Hepliaklqana.
  1963 | D:2      | 1963 ||| UPGRADING to +0 helmet.
  1968 | D:2      | 1968 ||| DROPPING +6 ring of intelligence.
  1969 | D:2      | 1969 ||| READING scroll labelled NIHABA AGURA.
  2014 | D:3      | Reached skill level 7 in Ranged Weapons
  2095 | D:3      | Reached XP level 4. HP: 15/25 MP: 6/6
  2184 | D:3      | Found a faded altar of an unknown god.
  2791 | D:3      | 2791 ||| READING scroll labelled FIVOOM OQEUDE.
  2794 | D:3      | 2794 ||| READING scroll labelled TANWIH GOIWACI.
  2794 | D:3      | 2794 ||| IDENTIFYING fuming brown potion
  2795 | D:3      | 2795 ||| READING scroll labelled XODUSO IMASEO.
  2896 | D:3      | 2896 ||| DROPPING potion of berserk rage.
  2983 | D:4      | Noticed a phantom
  2996 | D:4      | 2996 ||| RETREEEEATING.
  2997 | D:4      | 2997 ||| RETREEEEATING.
  2998 | D:4      | 2998 ||| RETREEEEATING.
  2999 | D:4      | 2999 ||| RETREEEEATING.
  2999 | D:4      | HP: 6/25 [orc/+0 club (1)]
  3000 | D:4      | 3000 ||| RETREEEEATING.
  3001 | D:4      | 3001 ||| RETREEEEATING.
  3002 | D:4      | 3002 ||| RETREEEEATING.
  3004 | D:4      | HP: 3/25 [phantom (4)]
  3005 | D:4      | Slain by a phantom

Levels and vault maps discovered:
D:1:      nicolae_arrival_washed_ashore, layout_loops_corners,
          roderic_roman_lattice, chequers_arboretum, serial_park_tiny_1,
          serial_bayou_pond_c
D:2:      layout_loops_corners, basic_altar
D:3:      layout_basic, dreamdust_ecumenical_altar_drowned_temple
D:4:      layout_basic, nicolae_shop_sticking_my_neck_out, uniq_eustachio

Skill      XL: |  1  2  3 |
---------------+----------+-----
Ranged Weapons | 6 7 |  7.6
Fighting       | |  1.5
Dodging        | |  2.4
Stealth        | |  1.2

Action                     |  1- 3 |  4- 6 || total
---------------------------+-------+-------++-------
   Fire: Shortbow          |   110 |    31 ||   141
    Use: Scroll            |     4 |     3 ||     7
 Armour: Leather armour    |    30 |       ||    30
         Ring mail         |     5 |    17 ||    22
  Dodge: Dodged            |    25 |     6 ||    31

Table legend:
 A = Non-vault XP
 B = Vault XP
 C = Vault XP percentage of total XP
 D = Non-vault monster count
 E = Vault monster count
 F = Vault count percentage of total count
                 A         B        C        D         E       F
            +---------+---------+-------+---------+---------+-------
      Total |     116 |       1 |   0.9 |      41 |       1 |   2.4
            +---------+---------+-------+---------+---------+-------
        D:1 |      38 |       0 |   0.0 |      23 |       0 |   0.0
        D:2 |      18 |       0 |   0.0 |      10 |       0 |   0.0
        D:3 |      58 |       1 |   1.7 |       6 |       1 |  14.3
        D:4 |       2 |       0 |   0.0 |       2 |       0 |   0.0
            +---------+---------+-------+---------+---------+-------
